 Dungeon Crawl Stone Soup version 0.31-a0-1591-g515db51633 (webtiles) character file.

Game seed: 8489839969963357614

90240 Zonian the Warrior (level 15, -2/92 HPs)
             Began as a Felid Berserker on Jan 6, 2024.
             Was a High Priest of Trog.
             Incinerated by a deep elf pyromancer (15 damage)
             ... with a pyre arrow
             ... on level 15 of the Dungeon.
             The game lasted 02:07:54 (33434 turns).

Zonian the Warrior (Felid Berserker)               Turns: 33434, Time: 02:07:54

Health: -2/92      AC:  3    Str: 25    XL:     15   Next: 51%
Magic:  16/16      EV: 27    Int: 13    God:    Trog [*****.]
Gold:   1021       SH:  0    Dex: 15    Spells: 14/14 levels left
                                        Lives:  0   Deaths: 3

rFire   . .          .
                       - Unarmed
rCold   + . .        (shield unavailable)
rNeg    . . .        (body armour unavailable)
rPois   .            (helmet unavailable)
rElec   .            (cloak unavailable)
rCorr   .            (gloves unavailable)
SInv    +            (boots unavailable)
Will    ++++.        a - amulet of regeneration {@e2}
Stlth   ++           B - +6 ring of strength
HPRegen 2.15/turn    C - +4 ring of slaying
MPRegen 0.15/turn

%: no passive effects
@: on fire, strong-willed, on berserk cooldown, regenerating, slowed, glowing,
very slow
A: very small, claws 1, fangs 3, see invisible, shaggy fur 3, stealthy paws, no
weapons or thrown items, no armour, multi-lived
a: Renounce Religion, Berserk, Trog's Hand, Brothers in Arms


You were on level 15 of the Dungeon.
You worshipped Trog.
Trog was extremely pleased with you.
You visited 2 branches of the dungeon, and saw 20 of its levels.
You also visited: Gauntlet.

You collected 1343 gold pieces.
You spent 322 gold pieces at shops.


Innate Abilities, Weirdness & Mutations

You have sharp claws.
You have razor-sharp teeth.
You have supernaturally acute eyesight. (SInv)
Your thick and shaggy fur keeps you warm. (AC +3, rC+)
Your paws help you pounce on unaware monsters.
You are incapable of wielding weapons or throwing items.
You cannot wear armour.
You gain extra lives every three experience levels.


   Skills:
 - Level 16.3 Fighting
 - Level 16.0 Dodging
 - Level 10.0 Stealth
 - Level 16.1 Unarmed Combat
 - Level 9.5 Evocations
 + Level 3.7 Shapeshifting


You had 14 spell levels left.
You didn't know any spells.
Your spell library contained the following spells:

 Spells                   Type           Power      Damage    Failure   Level
 Kiss of Death            Conj/Necr      0%         2d5       30%         1
 Slow                     Hex            0%         N/A       30%         1
 Summon Small Mammal      Summ           0%         N/A       30%         1
 Call Imp                 Summ           0%         N/A       43%         2
 Scorch                   Fire           0%         2d5       43%         2
 Sublimation of Blood     Necr           0%         N/A       43%         2
 Call Canine Familiar     Summ           0%         N/A       67%         3
 Confusing Touch          Hex            0%         N/A       67%         3
 Sigil of Binding         Hex            0%         N/A       67%         3
 Stone Arrow              Conj/Erth      0%         3d7       67%         3
 Vampiric Draining        Necr           0%         2d6       67%         3
 Dispel Undead            Necr           0%         3d6       97%         4
 Flame Wave               Conj/Fire      0%         2d4       97%         4
 Summon Blazeheart Golem  Fire/Summ      0%         N/A       97%         4
 Summon Cactus Giant      Summ           0%         N/A       100%        6
 Summon Hydra             Summ           0%         N/A       100%        7
 Lehudib's Crystal Spear  Conj/Erth      0%         10d2      100%        8
 Animate Armour           Summ/Erth      Unusable   N/A       N/A         4

Inventory:

Jewellery
 a - an amulet of regeneration (around neck) {@e2}
   (You found it on level 1 of the Lair of Beasts)
 f - a ring of protection from cold
   (You took it off an orc on level 5 of the Dungeon)
 h - a ring of flight
   (You found it on level 2 of the Dungeon)
 j - a ring of positive energy
   (You took it off a goblin on level 4 of the Dungeon)
 m - a ring of willpower
   (You found it on level 3 of the Dungeon)
 o - a +4 ring of protection
   (You found it on level 6 of the Dungeon)
 s - a ring of poison resistance
   (You found it on level 7 of the Dungeon)
 B - a +6 ring of strength (left paw)
   (You found it on level 9 of the Dungeon)
 C - a +4 ring of slaying (right paw)
   (You found it on level 9 of the Dungeon)
 E - a ring of ice
   (You found it on level 10 of the Dungeon)
 J - an amulet of faith {!P}
   (You found it on level 14 of the Dungeon)
Talismans
 q - a maw talisman
   (You found it on level 5 of the Lair of Beasts)
Wands
 d - a wand of polymorph (9)
   (You found it on level 4 of the Dungeon)
 p - a wand of flame (20)
   (You found it on level 7 of the Dungeon)
 D - a wand of roots (25)
   (You found it on level 10 of the Dungeon)
 G - a wand of charming (16)
   (You found it on level 10 of the Dungeon)
Scrolls
 e - 8 scrolls of identify {@r1}
 g - 2 scrolls of revelation
 k - a scroll of blinking {!r}
 r - 2 scrolls of teleportation {@r4}
 u - 2 scrolls of amnesia
 x - 4 scrolls of vulnerability {!r!r}
 H - a scroll of poison {!r}
 I - a scroll of fog
Potions
 b - 4 potions of mutation {!q}
 c - a potion of berserk rage {!q}
 i - a potion of might
 l - 8 potions of curing {@q1}
 n - 5 potions of attraction {!q}
 t - 2 potions of enlightenment
 v - 2 potions of heal wounds {@q2}
 z - a potion of ambrosia
Miscellaneous
 w - a phantom mirror
   (You found it on level 9 of the Dungeon)
 y - a lightning rod (2/4)
   (You found it on level 9 of the Dungeon)
 F - a phial of floods
   (You found it on level 12 of the Dungeon)

Dungeon Overview and Level Annotations

Branches:
Dungeon (15/15) Zot: 26481  Temple (0/1) D:5            Lair (5/5) D:9 Zot: 25334
 Spider (0/4) Lair:3        Slime (0/5) Lair:5          Orc (0/2) D:11
 Vaults (0/5) D:13        Gauntlet (visited)
  Swamp: Lair:2-3    Shoals: Lair:2-3    Depths: D:15

Altars:
Cheibriados
Dithmenos
Kikubaaqudgha
Makhleb
Nemelex Xobeh
Qazlal
Ru
Vehumet
Wu Jian
Xom
Zin
The Shining One
Jiyva

Shops:
D:4 [   D:7 ([(*(   D:10 *

Annotations:
D:7 1 runed translucent door
D:11 3 runed translucent doors, Atlas's ghost, journeyman DEFE
D:12 3 runed translucent doors, exclusion: ice statue
D:13 3 runed translucent doors, BigPumpCobain's ghost, novice TrSh; Ziddo's ghost, journeyman FoHu
Lair:2 3 runed translucent doors, jdlucas's ghost, journeyman MiBe

...........#####........88....
...........# #....z.....8...
...........# #.######.......
.........).# #.# .......
...........# #$# ..z....
...........# #.# ..8.8..
...........# #.# .......
##########.# #.# .#.....
#.#####@# .##.... #......)#
#.......# #.......#
##########.......#
.................# #.
............[....######.#########
.................................
...........#####.#### #..........


There were no monsters in sight!


Message History

Okay, then.
Unknown command.
You see here a +0 mace {mace}.
Unknown command.
The skeletal warrior barely misses you.
You scratch the skeletal warrior but do no damage.
You claw the skeletal warrior. You scratch the skeletal warrior.
You bite the skeletal warrior.
The skeletal warrior hits you with a +2 short sword. 😕 HP[-4]
You take 4 damage, and now have 88/92 hp.
You claw the skeletal warrior!
The skeletal warrior hits you with a +2 short sword! 😕 HP[-11]
You take 11 damage, and now have 77/92 hp.
You closely miss the skeletal warrior. You bite the skeletal warrior.
A deep elf pyromancer comes into view. It is wielding a +0 rapier.
The skeletal warrior hits you with a +2 short sword!! 😮 HP[-25]
You take 25 damage, and now have 52/92 hp.
MASSIVE DAMAGE!! (PAUSE)
A red film seems to cover your vision as you go berserk!
You feel yourself moving faster!
You feel mighty!
The skeletal warrior barely misses you. 😮 HP[+27]
You now have 138 max hp (+46).
You regained 27 hp, and now have 79/138 hp.
Unknown command.
You barely miss the skeletal warrior. 😮 HP[+1]
You scratch the skeletal warrior but do no damage.
The deep elf pyromancer points at you and mumbles some strange words.
The bolt of fire misses you.
The skeletal warrior hits you with a +2 short sword!!
* * * LOW HITPOINT WARNING * * *
😨 HP[-22]
You take 22 damage, and now have 58/138 hp.
You mangle the skeletal warrior!!
Unknown command.
You closely miss the skeletal warrior.
The skeletal warrior hits you with a +2 short sword!!
* * * LOW HITPOINT WARNING * * *
😨 HP[-19]
You take 19 damage, and now have 39/138 hp.
You mangle the skeletal warrior!!
You destroy the skeletal warrior!
Trog accepts your kill.
Unknown command. 😨 HP[+1]
You feel a strong urge to attack something. 😨 HP[+1]
The deep elf pyromancer completely misses you. 😨 HP[+1]
You mangle the deep elf pyromancer!!
You are no longer berserk.
You are exhausted.
You feel yourself slow down.
The deep elf pyromancer misses you. 😨 HP[-14]
You now have 92 max hp (-46).
You claw the deep elf pyromancer!
Your bite misses the deep elf pyromancer.
The deep elf pyromancer points at you and mumbles some strange words.
The pyre arrow hits you.
You are covered in intense liquid fire! 😨 HP[+2]
You regained 2 hp, and now have 30/92 hp.
Unknown command.
Aiming: Thunderbolt
Press: ? - help, Shift-Dir - straight line, f - deep elf pyromancer
Aim: a deep elf pyromancer, wielding a +0 rapier (severely wounded)
The thunderbolt hits the deep elf pyromancer!!
You kill the deep elf pyromancer!
Trog accepts your kill.
Trog appreciates your killing of a magic user.
The liquid fire burns you!
* * * LOW HITPOINT WARNING * * *
😱 HP[-13]
You take 13 damage, and now have 17/92 hp.
Your skin crawls.
You feel strong-willed. The liquid fire burns you!
* * * LOW HITPOINT WARNING * * *
😱 HP[-8]
You take 8 damage, and now have 9/92 hp.
Unknown command.
You feel better. The liquid fire burns you!
* * * LOW HITPOINT WARNING * * *
😱 HP[-3]
You take 3 damage, and now have 6/92 hp.
Unknown command.
You feel better. The liquid fire burns you!
* * * LOW HITPOINT WARNING * * *
😱 HP[-2]
You take 2 damage, and now have 4/92 hp.
You feel better. The liquid fire burns you!
You die...

Skill      XL: |  1  2  3  4  5  6  7  8  9 10 11 12 13 14 15 |
---------------+----------------------------------------------+-----
Fighting       | 4 5 6 7 9 10 11 13 14 15 16 | 16.3
Dodging        | 6 8 9 11 13 14 16 | 16.0
Unarmed Combat | 4 5 6 7 8 10 11 13 14 15 16 | 16.1
Stealth        | 6 8 9 10 | 10.0
Evocations     | 4 6 7 8 9 |  9.5
Shapeshifting  | 3 |  3.7

Action                     |  1- 3 |  4- 6 |  7- 9 | 10-12 | 13-15 || total
---------------------------+-------+-------+-------+-------+-------++-------
  Melee: Unarmed           |   116 |    48 |   345 |   693 |   802 ||  2004
         Punch             |     3 |     3 |    13 |    49 |    99 ||   167
         Bite              |     4 |     5 |    39 |   110 |   110 ||   268
         Maw               |       |       |       |       |    18 ||    18
 Invoke: Berserk           |     1 |     2 |     9 |    22 |    35 ||    69
         Trog's Hand       |       |       |       |     3 |    11 ||    14
  Evoke: Wand              |       |       |     3 |       |    39 ||    42
         Lightning rod     |       |       |       |       |     8 ||     8
    Use: Scroll            |       |     7 |    15 |     9 |    17 ||    48
         Potion            |       |       |       |     2 |    11 ||    13
   Stab: Sleeping          |     5 |       |     2 |     3 |    16 ||    26
         Distracted        |       |       |       |     1 |     2 ||     3
         Petrified         |       |       |       |       |     2 ||     2
         Invisible         |       |       |       |       |     1 ||     1
 Armour: Skin              |    26 |    12 |    80 |   218 |   282 ||   618
  Dodge: Dodged            |    88 |    35 |   241 |   611 |   702 ||  1677
         Form:             |       |       |       |       |     1 ||     1
         Maw               |       |       |       |       |     1 ||     1

Levels and vault maps discovered:
D:1:      wheals_arrival_linesprint, layout_basic, kennysheep_small_spiral,
          minmay_small_reverse_x
D:2:      layout_loops_ring, chequers_decorated_corner
D:3:      layout_basic, nicolae_overflow_ecumenical_swirl,
          nzn_wu_jian_contemplation, fiery_altar_vehumet, corexii_corridor_pit,
          uniq_grinder
D:4:      layout_basic, kennysheep_little_box, serial_shops,
          nicolae_shop_advertising_works [nicolae_subvault_shop_adworks]
D:5:      layout_rooms, general_overflow_altar, minmay_temple_entry_slanted
D:6:      layout_basic
D:7:      layout_loops_ring, nzn_makhleb_speed_demon, serial_shops, shop, shop,
          nicolae_shop_scrapyard, nicolae_shop_crystal,
          nicolae_shop_competitors_out_of_business, st_stairs_10
D:8:      layout_basic, mainiacjoe_overflow_alcove_4
D:9:      minmay_the_grid_3x2 [minmay_the_grid_diamond_grid,
          minmay_the_grid_odd_star, minmay_the_grid_small_cups,
          minmay_the_grid_broken_lines, minmay_the_grid_fan,
          minmay_the_grid_prize_shrinking_boxes], layout_basic,
          nicolae_kikubaaqudgha_miasma_corner, kennysheep_slug_shrine,
          grunt_lair_entry_orc_guard_hut
D:10:     layout_basic, nicolae_tso_carved_into_rock, grunt_dithmenos_shadows,
          xom_teletrap_fun, serial_shops, shop, nicolae_elevator_lobby_asterisk
D:11:     layout_cave_pools, david_orc_3, ebering_ghost_rock_garden,
          portal_ice_cave_entry_pillars_1
D:12:     layout_long_grid, ploomutoo_gammafunk_ghost_potion_laboratory,
          minivault_15, uniq_frances
D:13:     kennysheep_six_static_rooms, layout_basic,
          hellmonk_vaults_order_and_chaos, gammafunk_ghost_crypt,
          gauntlet_entry_generic, uniq_nessos
D:14:     layout_basic, abandoned_shop, grunt_decor_arrowhead,
          kennysheep_small_square
D:15:     gammafunk_depths_entry_grave, layout_small_grid, serial_shops, shop,
          shop, nicolae_shop_just_a_little_nook, nicolae_shop_trees, shop
Lair:1:   layout_gridlike
Lair:2:   hellmonk_ruined_rings, layout_loops_ring, gammafunk_ghost_ooze,
          infiniplex_staircase_pool_2
Lair:3:   layout_layer_cave, palyth_hydra_swamp_entry,
          nicolae_spider_entry_orb_guardian, enter_volcano_3,
          minmay_shattered_shrine, uniq_josephine, uniq_gastronok
Lair:4:   layout_loops_ring, nicolae_lair_yak_garden, serial_bayou_shore_a,
          uniq_kirke, uniq_sonja
Lair:5:   minmay_lair_end_frog_pond, layout_hall_layers,
          dpeg_slime_entry_enclosed

Notes
Turn   | Place    | Note
-------+----------+-------------------------------------------
     0 | D:1      | Zonian the Felid Berserker began the quest for the Orb.
     0 | D:1      | Reached XP level 1. HP: 12/12 MP: 2/2
     0 | D:1      | magus.rc [v1.9.6]
   186 | D:1      | Reached XP level 2. HP: 16/16 MP: 3/3
  1004 | D:1      | Reached XP level 3. HP: 20/20 MP: 4/4
  1614 | D:2      | Reached ** piety under Trog
  1975 | D:2      | You pick up a book of Callings {forbidden} and begin
                  | reading...
  1975 | D:2      | You add the spells Summon Small Mammal, Call Canine
                  | Familiar and Summon Blazeheart Golem to your library.
  2384 | D:3      | Noticed Grinder
  2394 | D:3      | Killed Grinder
  2395 | D:3      | Reached skill level 4 in Fighting
  2395 | D:3      | Reached skill level 6 in Dodging
  2395 | D:3      | Reached skill level 4 in Unarmed Combat
  2395 | D:3      | Reached XP level 4. HP: 21/26 MP: 5/5
  2395 | D:3      | Gained a life (2 lives remaining)
  2395 | D:3      | Reached XP level 5. HP: 24/30 MP: 6/6
  2395 | D:3      | Gained mutation: You are covered in thick fur. (AC +2)
                  | [Felid growth]
  2395 | D:3      | Reached XP level 6. HP: 27/34 MP: 7/7
  2486 | D:3      | Found a radiant altar of Vehumet.
  2887 | D:3      | Found an ornate altar of the Wu Jian Council.
  2909 | D:3      | Found a faded altar of an unknown god.
  2912 | D:3      | Found a stormy altar of Qazlal.
  3241 | D:4      | Reached skill level 5 in Fighting
  3512 | D:4      | Reached skill level 5 in Unarmed Combat
  3713 | D:4      | Reached XP level 7. HP: 33/39 MP: 8/8
  3806 | D:4      | Found Burph's Armour Shop.
  3860 | D:4      | Reached skill level 7 in Dodging
  4181 | D:4      | Found a glowing silver altar of Zin.
  4218 | D:4      | You pick up a book of Callings {forbidden} and begin
                  | reading...
  4314 | D:5      | Entered Level 5 of the Dungeon
  5192 | D:5      | Reached skill level 6 in Fighting
  5213 | D:5      | Found a sparkling altar of Nemelex Xobeh.
  5232 | D:5      | Reached skill level 6 in Unarmed Combat
  5249 | D:5      | You pick up a book of Blood {forbidden} and begin
                  | reading...
  5249 | D:5      | You add the spells Call Imp, Sublimation of Blood and
                  | Summon Hydra to your library.
  5341 | D:5      | Found a staircase to the Ecumenical Temple.
  5387 | D:5      | Reached skill level 8 in Dodging
  5387 | D:5      | Reached XP level 8. HP: 43/44 MP: 9/9
  7086 | D:6      | Reached skill level 9 in Dodging
  7090 | D:6      | Reached skill level 7 in Fighting
  7434 | D:6      | Reached skill level 7 in Unarmed Combat
  7746 | D:7      | Found Talacsia's Armour Shop.
  8094 | D:7      | Found Ixext's General Store.
  8116 | D:7      | Reached XP level 9. HP: 50/50 MP: 10/10
  8139 | D:7      | Reached skill level 10 in Dodging
  8156 | D:7      | Found Fafinuq's Antique Weapon Shop.
  8379 | D:7      | Found a runed translucent door.
  8380 | D:7      | Found a burning altar of Makhleb.
  8380 | D:7      | Noticed a sixfirhy
  8399 | D:7      | Reached skill level 8 in Fighting
  8399 | D:7      | Reached skill level 8 in Unarmed Combat
  8404 | D:7      | Reached *** piety under Trog
  8545 | D:7      | Reached skill level 11 in Dodging
  8872 | D:7      | Found Uceil's Antique Weapon Boutique.
  8892 | D:7      | Bought a scroll of identify for 22 gold pieces
  8892 | D:7      | Bought 2 potions of curing for 66 gold pieces
  9061 | D:7      | Found Ragoraod's Weapon Shoppe.
  9549 | D:8      | Reached skill level 9 in Fighting
  9711 | D:8      | Reached XP level 10. HP: 53/57 MP: 11/11
  9863 | D:8      | Reached skill level 9 in Unarmed Combat
 10502 | D:8      | You pick up a book of Touch {forbidden} and begin
                  | reading...
 10502 | D:8      | You add the spells Kiss of Death, Confusing Touch and
                  | Dispel Undead to your library.
 10664 | D:8      | Found a sacrificial altar of Ru.
 11023 | D:9      | Noticed a centaur warrior
 11178 | D:9      | Noticed a two-headed ogre
 11325 | D:9      | Reached skill level 1 in Stealth
 11325 | D:9      | Reached skill level 1 in Evocations
 11348 | D:8      | Reached skill level 2 in Stealth
 11875 | D:9      | Reached skill level 2 in Evocations
 11878 | D:9      | Reached skill level 3 in Stealth
 12545 | D:9      | Reached skill level 4 in Stealth
 12545 | D:9      | Reached skill level 3 in Evocations
 12554 | D:9      | Killed a two-headed ogre
 12555 | D:9      | Reached skill level 10 in Fighting
 12623 | D:9      | Noticed an elephant
 12647 | D:9      | Killed an elephant
 12648 | D:9      | Reached skill level 5 in Stealth
 12902 | D:9      | Reached skill level 10 in Unarmed Combat
 13289 | D:9      | Reached skill level 4 in Evocations
 13294 | D:9      | Noticed a centaur warrior
 13323 | D:9      | Killed a centaur warrior
 13324 | D:9      | Reached skill level 6 in Stealth
 13324 | D:9      | Reached XP level 11. HP: 64/64 MP: 12/12
 13777 | D:9      | Killed a centaur warrior
 13844 | D:9      | Found a snail-covered altar of Cheibriados.
 13870 | D:9      | Found a staircase to the Lair.
 13895 | D:9      | Reached skill level 7 in Stealth
 13972 | D:9      | Noticed a deep elf pyromancer
 13972 | D:9      | Noticed a boulder beetle
 14200 | D:9      | Found an ancient bone altar of Kikubaaqudgha.
 14291 | D:9      | Noticed a brown ugly thing
 14293 | D:9      | Killed a deep elf pyromancer
 14372 | Lair:1   | Entered Level 1 of the Lair of Beasts
 14763 | Lair:1   | magus.rc [v1.9.6]
 14780 | Lair:1   | Reached skill level 8 in Stealth
 14781 | Lair:1   | Reached skill level 11 in Fighting
 15042 | Lair:1   | Reached skill level 11 in Unarmed Combat
 15198 | Lair:1   | Reached skill level 5 in Evocations
 15606 | Lair:1   | Reached **** piety under Trog
 15887 | Lair:1   | Reached skill level 6 in Evocations
 16191 | Lair:2   | Gained mutation: Your thick and shaggy fur keeps you warm.
                  | (AC +3, rC+) [Felid growth]
 16191 | Lair:2   | Reached XP level 12. HP: 65/70 MP: 13/13
 16220 | Lair:2   | You pick up a book of Scorching {forbidden} and begin
                  | reading...
 16220 | Lair:2   | You add the spells Scorch, Flame Wave and Summon Cactus
                  | Giant to your library.
 16280 | Lair:2   | You pick up a book of Debilitation {forbidden} and begin
                  | reading...
 16280 | Lair:2   | You add the spells Slow, Sigil of Binding and Vampiric
                  | Draining to your library.
 16347 | Lair:2   | Reached skill level 12 in Fighting
 16444 | Lair:2   | Reached skill level 12 in Unarmed Combat
 16514 | Lair:2   | You pick up a book of Armaments {forbidden} and begin
                  | reading...
 16514 | Lair:2   | You add the spells Stone Arrow and Lehudib's Crystal Spear
                  | to your library.
 16542 | Lair:2   | Found a runed translucent gate.
 16543 | Lair:2   | Found a runed translucent gate.
 16544 | Lair:2   | Found a runed translucent gate.
 16547 | Lair:2   | Found a viscous altar of Jiyva.
 16547 | Lair:2   | Noticed jdlucas's ghost (journeyman MiBe)
 16549 | Lair:2   | magus.rc [v1.9.6]
 17005 | Lair:3   | Found a hole to the Spider Nest.
 17135 | Lair:3   | Found a dark tunnel.
 17250 | Lair:3   | Noticed Gastronok
 17285 | Lair:3   | Reached skill level 12 in Dodging
 17690 | Lair:3   | Noticed an eight-headed hydra
 17707 | Lair:3   | Noticed a boulder beetle
 18214 | Lair:3   | Killed Gastronok
 18215 | Lair:3   | Reached skill level 13 in Fighting
 18317 | Lair:3   | Reached skill level 13 in Dodging
 18328 | Lair:3   | Reached skill level 13 in Unarmed Combat
 18392 | Lair:3   | Noticed Josephine
 18395 | Lair:3   | Reached ***** piety under Trog
 18405 | Lair:3   | Killed Josephine
 18414 | Lair:3   | Noticed a seven-headed hydra
 18415 | Lair:3   | Reached XP level 13. HP: 67/77 MP: 14/14
 19467 | Lair:4   | Noticed Kirke
 19514 | Lair:4   | Noticed Sonja
 19929 | Lair:4   | Reached skill level 14 in Dodging
 20122 | Lair:4   | Killed Sonja
 20123 | Lair:4   | Reached skill level 14 in Fighting
 20189 | Lair:4   | Reached skill level 14 in Unarmed Combat
 21170 | Lair:4   | Killed Kirke
 21779 | Lair:5   | Entered Level 5 of the Lair of Beasts
 22186 | Lair:5   | Reached skill level 9 in Stealth
 22383 | Lair:5   | Reached skill level 7 in Evocations
 22383 | Lair:5   | Reached XP level 14. HP: 82/84 MP: 15/15
 23144 | Lair:5   | Slain by a dream sheep
 23144 | Lair:5   | Lost a life (1 life remaining)
 23174 | Lair:5   | Found a viscous altar of Jiyva.
 23174 | Lair:5   | Found a staircase to the Slime Pits.
 23481 | Lair:5   | Reached skill level 10 in Stealth
 23482 | Lair:5   | Mangled by a blink frog
 23482 | Lair:5   | Lost a life (0 lives remaining)
 24207 | Lair:5   | Reached skill level 15 in Dodging
 24217 | Lair:5   | Reached skill level 15 in Fighting
 24919 | Lair:3   | HP: 16/86 [fire crab] (21)]
 24924 | Lair:3   | HP: 18/86 [poisoned by a cane toad]
 25205 | D:9      | Reached skill level 8 in Evocations
 25390 | D:9      | Reached skill level 15 in Unarmed Combat
 25674 | D:10     | Entered Level 10 of the Dungeon
 25928 | D:10     | Found a shadowy altar of Dithmenos.
 26093 | D:10     | Found Parhucurati's Assorted Antiques.
 26117 | D:10     | Bought a scroll of teleportation for 54 gold pieces
 26117 | D:10     | Bought a scroll of fear for 72 gold pieces
 26117 | D:10     | Bought a potion of heal wounds for 90 gold pieces
 26117 | D:10     | Bought a scroll labelled JILEZ OSKETH for 18 gold pieces
 26185 | D:10     | Found a shimmering altar of Xom.
 26322 | D:10     | Found a glowing golden altar of the Shining One.
 26851 | D:11     | Found a staircase to the Orcish Mines.
 27403 | D:11     | Found a runed translucent gate.
 27403 | D:11     | Found a runed translucent gate.
 27403 | D:11     | Found a runed translucent gate.
 27405 | D:11     | Noticed Atlas's ghost (journeyman DEFE)
 27479 | D:12     | HP: 19/86 [eight-headed hydra (5)]
 27485 | D:12     | HP: 16/86 [eight-headed hydra (11)]
 27485 | D:12     | HP: 7/86 [eight-headed hydra (9)]
 27869 | D:12     | Found a runed translucent gate.
 27869 | D:12     | Found a runed translucent gate.
 27869 | D:12     | Found a runed translucent gate.
 27880 | D:12     | Noticed Frances
 27896 | D:12     | Killed Frances
 28076 | D:12     | Found the +10 dark maul {heavy}
 28447 | D:12     | Reached skill level 16 in Dodging
 28670 | D:13     | Noticed Nessos
 28680 | D:13     | Killed Nessos
 29045 | D:13     | Found a gate leading to a gauntlet.
 29054 | Gauntlet | Entered a Gauntlet
 29054 | Gauntlet | Found a transporter.
 29058 | Gauntlet | Found a transporter.
 29073 | Gauntlet | Found a transporter.
 29076 | Gauntlet | Found a transporter.
 29087 | Gauntlet | Found a transporter.
 29108 | Gauntlet | Found a transporter.
 29121 | Gauntlet | Found a transporter.
 29139 | Gauntlet | Found a transporter.
 29143 | Gauntlet | Found a transporter.
 29151 | Gauntlet | Found a transporter.
 29187 | Gauntlet | Found a transporter.
 29189 | Gauntlet | Found a transporter.
 29674 | Gauntlet | Identified the +1 hat of the Little Devil {Dex+6 Slay+2
                  | Stlth-}
 29741 | Gauntlet | Identified the +2 ring mail of Wisdom {Int+2}
 29865 | D:13     | Reached XP level 15. HP: 91/91 MP: 16/16
 29865 | D:13     | Gained a life (1 life remaining)
 30286 | D:13     | Reached skill level 16 in Fighting
 30403 | D:13     | Found a runed translucent gate.
 30403 | D:13     | Found a runed translucent gate.
 30403 | D:13     | Found a runed translucent gate.
 30403 | D:13     | Noticed BigPumpCobain's ghost (novice TrSh)
 30403 | D:13     | Noticed Ziddo's ghost (journeyman FoHu)
 30403 | D:13     | Noticed a lich
 30404 | D:13     | Found an ancient bone altar of Kikubaaqudgha.
 30405 | D:13     | Noticed a lich
 30406 | D:13     | Noticed Ziddo's ghost (journeyman FoHu)
 30436 | D:13     | Found a gate to the Vaults.
 30565 | D:13     | Reached skill level 9 in Evocations
 30794 | D:14     | Reached skill level 16 in Unarmed Combat
 31245 | D:14     | HP: 14/91 [centaur/arrow[a centaur warrior] (11)]
 32081 | D:15     | Entered Level 15 of the Dungeon
 32288 | D:15     | Reached skill level 1 in Shapeshifting
 32906 | D:14     | HP: 29/138 [green ugly thing (14)]
 32906 | D:14     | HP: 11/138 [red ugly thing (15)]
 32908 | D:14     | HP: 5/138 [poisoned by a green ugly thing]
 32910 | D:14     | HP: 2/138 [poisoned by a green ugly thing]
 32912 | D:14     | Succumbed to a green ugly thing's poison
 32912 | D:14     | Lost a life (0 lives remaining)
 32937 | D:15     | Reached skill level 2 in Shapeshifting
 33220 | D:15     | Reached skill level 3 in Shapeshifting
 33430 | D:15     | HP: 16/92 [burnt (14)]
 33431 | D:15     | HP: 5/92 [burnt (12)]
 33433 | D:15     | HP: 1/92 [burnt (15)]
 33434 | D:15     | Incinerated by a deep elf pyromancer

Vanquished Creatures
  Frances (D:12)
  Gastronok (Lair:3)
  Kirke (Lair:4)
  An ironbound preserver (D:13)
  Nessos (D:13)
  A minotaur (Gauntlet)
  Josephine (Lair:3)
  2 entropy weavers
  7 hydras
  A catoblepas (Lair:4)
  5 two-headed ogres
  7 death yaks
  3 tengu warriors
  7 centaur warriors
  2 boulder beetles
  2 skysharks (Lair:5)
  6 skeletal warriors
  Sonja (Lair:4)
  An arcanist (D:14)
  A lindwurm (Lair:3)
  2 manticores
  11 cyclopes
  10 ugly things
  4 deep elf pyromancers
  6 elephants
  3 meliai (D:13)
  4 black mambas
  2 torpor snails
  A kobold demonologist (D:10)
  21 cane toads
  8 komodo dragons
  4 trolls
  3 polar bears
  Grinder (D:3)
  2 tyrant leeches
  31 blink frogs
  9 dream sheep (Lair:5)
  3 shadows
  A jumping spider (Gauntlet)
  2 vampires
  6 wyverns
  7 wraiths
  50 yaks
  4 steam dragons
  A hog (Lair:4)
  A redback (Gauntlet)
  3 basilisks
  A warg (D:11)
  8 vampire mosquitoes
  6 swamp worms
  An acid dragon (D:8)
  2 hell hounds (Lair:3)
  12 water moccasins
  5 orc warriors
  3 black bears
  2 ice beasts
  3 sky beasts
  2 ogres
  15 centaurs
  26 wolves
  2 phantoms
  4 kobold brigands
  19 bullfrogs
  5 scorpions
  11 wights
  A hornet simulacrum (D:14)
  6 killer bees
  5 howler monkeys
  3 electric eels
  A jelly (D:4)
  2 hounds
  4 orc priests
  A bombardier beetle (D:7)
  2 gnoll boudas
  A sleepcap (D:6)
  3 iguanas (D:5)
  11 orc wizards
  10 gnolls
  4 adders
  A shadow imp (D:5)
  3 dart slugs
  4 ribbon worms
  22 orcs
  5 bats
  7 endoplasms
  A giant cockroach (D:1)
  6 goblins
  8 hobgoblins
  A quokka (D:2)
  7 ball pythons
  4 frilled lizards
  14 kobolds
  6 rats
522 creatures vanquished.

Vanquished Creatures (collateral kills)
  A boulder beetle (D:9)
  An ugly thing (D:15)
  A cane toad (Lair:2)
  4 blink frogs (Lair:2)
  A slime creature (D:9)
8 creatures vanquished.

Vanquished Creatures (others)
  A cane toad (Lair:3)
1 creature vanquished.

Grand Total: 531 creatures vanquished

Table legend:
 A = Non-vault XP
 B = Vault XP
 C = Vault XP percentage of total XP
 D = Non-vault monster count
 E = Vault monster count
 F = Vault count percentage of total count
                 A         B        C        D         E       F
            +---------+---------+-------+---------+---------+-------
      Total |   86629 |   42286 |  32.8 |     404 |     127 |  23.9
            +---------+---------+-------+---------+---------+-------
        D:1 |      36 |       8 |  18.2 |      21 |       4 |  16.0
        D:2 |      50 |       0 |   0.0 |      21 |       0 |   0.0
        D:3 |      73 |     286 |  79.7 |      13 |       1 |   7.1
        D:4 |     468 |       0 |   0.0 |      13 |       0 |   0.0
        D:5 |     707 |       0 |   0.0 |      20 |       0 |   0.0
        D:6 |     727 |     151 |  17.2 |      14 |       1 |   6.7
        D:7 |    2379 |     297 |  11.1 |      25 |       3 |  10.7
        D:8 |    1934 |      70 |   3.5 |      26 |       1 |   3.7
        D:9 |    2454 |    7396 |  75.1 |      20 |      28 |  58.3
       D:10 |    2856 |     223 |   7.2 |       7 |       1 |  12.5
       D:11 |    4773 |     315 |   6.2 |      18 |       3 |  14.3
       D:12 |    4851 |    1557 |  24.3 |       8 |       1 |  11.1
       D:13 |    7229 |    5747 |  44.3 |      14 |       9 |  39.1
       D:14 |   10269 |     177 |   1.7 |      27 |       1 |   3.6
       D:15 |    5413 |    1519 |  21.9 |      10 |       2 |  16.7
     Lair:1 |    5845 |       0 |   0.0 |      27 |       0 |   0.0
     Lair:2 |    6328 |       0 |   0.0 |      26 |       0 |   0.0
     Lair:3 |    6801 |    8076 |  54.3 |      27 |      20 |  42.6
     Lair:4 |    9166 |    4664 |  33.7 |      28 |       8 |  22.2
     Lair:5 |   14270 |    8607 |  37.6 |      39 |      35 |  47.3
   Gauntlet |       0 |    3193 | 100.0 |       0 |       9 | 100.0
            +---------+---------+-------+---------+---------+-------

Skill      XL: |  1  2  3  4  5  6  7  8  9 10 11 12 13 14 15 |
---------------+----------------------------------------------+-----
Fighting       | 4 5 6 7 9 10 11 13 14 15 16 | 16.3
Dodging        | 6 8 9 11 13 14 16 | 16.0
Unarmed Combat | 4 5 6 7 8 10 11 13 14 15 16 | 16.1
Stealth        | 6 8 9 10 | 10.0
Evocations     | 4 6 7 8 9 |  9.5
Shapeshifting  | 3 |  3.7

Action                     |  1- 3 |  4- 6 |  7- 9 | 10-12 | 13-15 || total
---------------------------+-------+-------+-------+-------+-------++-------
  Melee: Unarmed           |   116 |    48 |   345 |   693 |   802 ||  2004
         Punch             |     3 |     3 |    13 |    49 |    99 ||   167
         Bite              |     4 |     5 |    39 |   110 |   110 ||   268
         Maw               |       |       |       |       |    18 ||    18
 Invoke: Berserk           |     1 |     2 |     9 |    22 |    35 ||    69
         Trog's Hand       |       |       |       |     3 |    11 ||    14
  Evoke: Wand              |       |       |     3 |       |    39 ||    42
         Lightning rod     |       |       |       |       |     8 ||     8
    Use: Scroll            |       |     7 |    15 |     9 |    17 ||    48
         Potion            |       |       |       |     2 |    11 ||    13
   Stab: Sleeping          |     5 |       |     2 |     3 |    16 ||    26
         Distracted        |       |       |       |     1 |     2 ||     3
         Petrified         |       |       |       |       |     2 ||     2
         Invisible         |       |       |       |       |     1 ||     1
 Armour: Skin              |    26 |    12 |    80 |   218 |   282 ||   618
  Dodge: Dodged            |    88 |    35 |   241 |   611 |   702 ||  1677
         Form:             |       |       |       |       |     1 ||     1
         Maw               |       |       |       |       |     1 ||     1

Illustrated notes

Table legend:
 A = Kills in this place as a percentage of kills in the entire game.
 B = Kills by you in this place as a percentage of kills by you in the entire game.
 C = Kills by friends in this place as a percentage of kills by friends in the entire game.
 D = Other kills in this place as a percentage of other kills in the entire game.
 E = Experience gained in this place as a percentage of experience gained in the entire game.
 F = Experience gained in this place divided by the number of levels of this place that you have seen.
                   A       B       C       D       E      F
               +-------+-------+-------+-------+-------+----------------------
         Total | 100.0 | 100.0 | 100.0 | 100.0 | 100.0 | 6138.8
       Dungeon |  58.8 |  59.2 |  37.5 |   0.0 |  48.1 | 4131.0
          Lair |  39.5 |  39.1 |  62.5 | 100.0 |  49.5 | 12751.4
      Gauntlet |   1.7 |   1.7 |   0.0 |   0.0 |   2.5 | 3193.0
               +-------+-------+-------+-------+-------+----------------------

Table legend: (Time is in decaauts)
 A = Elapsed time spent in this place.
 B = Non-inter-level travel time spent in this place.
 C = Inter-level travel time spent in this place.
 D = Time resting spent in this place.
 E = Time spent auto-exploring this place.
 F = Levels seen in this place.
 G = Mean time per level.
                   A        B        C        D        E       F      G
               +--------+--------+--------+--------+--------+-----+--------+
         Total |  33685 |  32949 |    736 |  14587 |  10059 |  21 | 1604.0 |
       Dungeon |  22112 |  21668 |    444 |   9883 |   7693 |  15 | 1474.1 |
          Lair |  10834 |  10543 |    291 |   4255 |   2365 |   5 | 2166.8 |
      Gauntlet |    737 |    737 |      0 |    449 |      0 |   1 |  737.0 |
               +--------+--------+--------+--------+--------+-----+--------+

Top non-repeatable levels by time:
     D:8: 2860 daAuts
     D:9: 2713 daAuts
  Lair:5: 2682 daAuts
  Lair:3: 2638 daAuts
  Lair:4: 2539 daAuts
     D:6: 2111 daAuts
    D:14: 1789 daAuts
  Lair:1: 1717 daAuts
    D:13: 1682 daAuts
     D:1: 1551 daAuts
     D:5: 1510 daAuts
     D:7: 1365 daAuts
     D:4: 1271 daAuts
  Lair:2: 1256 daAuts
    D:12: 1245 daAuts
